 Dungeon Crawl Stone Soup version 0.27.1-3-gb3d3a73c9e (webtiles) character file.

Game seed: 10071553846782608533

536 Urokeeper the Thaumaturge (level 7, 0/51 HPs)
             Began as a Gnoll Wanderer on Oct 7, 2021.
             Slain by GravelGoth's ghost (5 damage)
             ... on level 4 of the Dungeon.
             The game lasted 00:19:07 (4898 turns).

Urokeeper the Thaumaturge (Gnoll Wanderer)          Turns: 4898, Time: 00:19:08

Health: 0/51       AC:  6    Str: 12    XL:     7   Next: 25%
Magic:  23/23      EV: 12    Int: 14    God:
Gold:   170        SH:  0    Dex: 10    Spells: 25/32 levels left

rFire    . . .     SeeInvis .   n - +5 short sword (venom)
rCold    . . .     Faith    .   (no shield)
rNeg     . . .     Spirit   .   e - +2 robe {Will+}
rPois    .         Reflect  .   (no helmet)
rElec    .         Harm     .   (no cloak)
rCorr    .         Rampage  .   p - +0 pair of gloves
Will     +....                  j - +0 pair of boots
Stlth    ++........             (no amulet)
HPRegen  0.17/turn              (no ring)
MPRegen  0.18/turn              (no ring)

@: lethally poisoned (0 -> -20)
A: fangs 1, strong nose, distributed training
a: no special abilities


You were on level 4 of the Dungeon.
You visited 1 branch of the dungeon, and saw 4 of its levels.

You collected 170 gold pieces.

Inventory:

Hand Weapons
 a - a +2 dagger
 n - a +5 short sword of venom (weapon)
Missiles
 f - 19 poisoned darts (quivered)
Armour
 d - a +0 robe
 e - a +2 robe of willpower (worn)
 j - a +0 pair of boots (worn)
 p - a +0 pair of gloves (worn)
Wands
 m - a wand of polymorph (7)
 u - a wand of mindburst (9)
Scrolls
 b - 2 scrolls of blinking
 i - a scroll of immolation {unknown}
 k - a scroll of acquirement {unknown}
 o - a scroll of enchant armour {unknown}
 q - a scroll of teleportation {unknown}
 r - a scroll of magic mapping {unknown}
 t - a scroll of fear {unknown}
Potions
 c - a potion of lignification
 g - a potion of heal wounds {unknown}
 h - a potion of magic {unknown}
 l - 2 potions of curing {unknown}
 s - a potion of mutation {unknown}


   Skills:
 + Level 2.3 Fighting
 + Level 2.3 Short Blades
 + Level 2.3 Long Blades
 + Level 2.3 Axes
 + Level 2.3 Maces & Flails
 + Level 2.3 Polearms
 + Level 2.3 Staves
 + Level 2.3 Slings
 + Level 2.3 Bows
 + Level 2.3 Crossbows
 + Level 2.3 Throwing
 + Level 2.3 Armour
 + Level 2.3 Dodging
 + Level 3.4 Stealth
 + Level 3.5 Shields
 + Level 2.3 Unarmed Combat
 + Level 13.1 Spellcasting
 + Level 1.9 Conjurations
 + Level 2.9 Hexes
 + Level 2.9 Summonings
 + Level 1.9 Necromancy
 + Level 1.9 Translocations
 + Level 1.9 Transmutations
 + Level 1.9 Fire Magic
 + Level 1.9 Ice Magic
 + Level 1.9 Air Magic
 + Level 1.9 Earth Magic
 + Level 1.9 Poison Magic
 + Level 2.6 Invocations
 + Level 2.3 Evocations


You had 25 spell levels left.
You knew the following spells:

 Your Spells              Type           Power      Damage    Failure   Level
a - Sandblast             Erth           28%        2d8       3%          1
b - Stone Arrow           Conj/Erth      28%        3d8       10%         3
c - Mephitic Cloud        Conj/Pois/Air  14%        N/A       10%         3

Your spell library contained the following spells:

 Spells                   Type           Power      Damage    Failure   Level
 Ignite Poison            Fire/Tmut/Pois 14%        N/A       10%         3
 Bolt of Magma            Conj/Fire/Erth 7%         4d6       67%         5


Dungeon Overview and Level Annotations

Branches:
Dungeon (4/15)
 Temple: D:4-7

Altars:
Cheibriados
Fedhas
Gozag

Shops:
D:1 !

Annotations:
D:4 GravelGoth's ghost, amateur DsFi; barney's ghost, amateur DrTm; barney's ghost, novice DrTm; vvl's ghost, amateur DrTm


Innate Abilities, Weirdness & Mutations

You have very sharp teeth.
Your uncanny sense of smell can sniff out nearby items.
Your experience applies equally to all skills.


Message History

Vvl's ghost is moderately damaged.
Barney's ghost hits you but does no damage.
Vvl's ghost closely misses you. Barney's ghost closely misses you.
You closely miss vvl's ghost. Your bite misses vvl's ghost.
Vvl's ghost is moderately damaged.
Barney's ghost screams, "They lied to you.
The Dungeon just goes down and down forever."
Barney's ghost hits you.
Vvl's ghost hits you but does no damage.
You are poisoned.
Barney's ghost hits you.
You hit vvl's ghost. You punch vvl's ghost.
Vvl's ghost is moderately damaged.
You feel sick. Barney's ghost hits you. Vvl's ghost hits you.
You are more poisoned.
Barney's ghost hits you.
You hit vvl's ghost but do no damage.
Vvl's ghost is moderately damaged.
You feel very sick.
Barney's ghost hits you but does no damage.
Barney's ghost completely misses you.
You puncture GravelGoth's ghost!
GravelGoth's ghost is lightly damaged.
You feel sick. Barney's ghost closely misses you. Vvl's ghost hits you.
You are more poisoned.
Barney's ghost completely misses you.
You hit GravelGoth's ghost but do no damage.
GravelGoth's ghost is lightly damaged.
You feel very sick. GravelGoth's ghost hits you.
* * * LOW HITPOINT WARNING * * *
Barney's ghost completely misses you. Vvl's ghost hits you.
* * * LOW HITPOINT WARNING * * *
You are more poisoned.
Barney's ghost hits you but does no damage.
You barely miss GravelGoth's ghost.
GravelGoth's ghost is lightly damaged.
* * * LOW HITPOINT WARNING * * *
You feel very sick. GravelGoth's ghost hits you.
You die...

#.# #.# #.# #.########.# #.# #<#
#.# #..........# #.# #.#
#.#################.# ..# #.#
#....#(8?$## #.. ### #.#
####.#....8# #.# #.#
#.#.....?##### #.# #.#
##.'.....♣#...# #.. #.#
#.WW.....⌠###.# ### ########.#
#.@W.....♣ #.# ##.
......##.######.W#.....$ #.###..
#####.##.........#....8# #......
# #.######.....#(8..## #####.. #
###[### #.###################. #
#.....# #.# #.........
###.#.#.####.###########^########
......>..................#
###.#.#.......############


You could see GravelGoth's ghost, 2 barney's ghosts and vvl's ghost.

Vanquished Creatures
  An ogre (D:4)
  A necrophage (D:4)
  A phantom (D:3)
  An orc priest (D:2)
  A gnoll shaman (D:4)
  2 orc wizards
  A hound skeleton (D:4)
  6 gnolls (D:4)
  4 adders
  A worm (D:3)
  2 dart slugs
  8 orcs
  8 ball pythons
  3 bats (D:1)
  3 endoplasms
  3 giant cockroaches
  3 goblins
  6 hobgoblins
  11 jackals
  5 quokkas
  2 frilled lizards
  3 kobolds
  5 rats
81 creatures vanquished.

Notes
Turn   | Place    | Note
-------+----------+-------------------------------------------
     0 | D:1      | Reached skill level 12 in Spellcasting
     0 | D:1      | Urokeeper the Gnoll Wanderer began the quest for the Orb.
     0 | D:1      | Urokeeper set off with the following items: a +2 dagger, a
                  | scroll of blinking, a potion of lignification, a +0 robe;
                  | and the following spell memorised: Sandblast; and the
                  | following spells available to memorise: Stone Arrow
     0 | D:1      | Reached XP level 1. HP: 13/13 MP: 14/14
   258 | D:1      | Found Sarul's Distillery.
   286 | D:1      | Reached XP level 2. HP: 16/19 MP: 15/15
   554 | D:1      | Found a faded altar of an unknown god.
   751 | D:1      | Reached XP level 3. HP: 21/25 MP: 17/17
   758 | D:1      | Learned a level 3 spell: Stone Arrow
  1210 | D:2      | Reached skill level 1 in Invocations
  1413 | D:2      | Reached skill level 1 in Fighting
  1413 | D:2      | Reached skill level 1 in Short Blades
  1413 | D:2      | Reached skill level 1 in Long Blades
  1413 | D:2      | Reached skill level 1 in Axes
  1413 | D:2      | Reached skill level 1 in Maces & Flails
  1413 | D:2      | Reached skill level 1 in Polearms
  1413 | D:2      | Reached skill level 1 in Staves
  1413 | D:2      | Reached skill level 1 in Slings
  1413 | D:2      | Reached skill level 1 in Bows
  1413 | D:2      | Reached skill level 1 in Crossbows
  1413 | D:2      | Reached skill level 1 in Throwing
  1413 | D:2      | Reached skill level 1 in Armour
  1413 | D:2      | Reached skill level 1 in Dodging
  1413 | D:2      | Reached skill level 1 in Unarmed Combat
  1413 | D:2      | Reached skill level 1 in Evocations
  1720 | D:2      | Reached skill level 13 in Spellcasting
  1725 | D:2      | Reached XP level 4. HP: 32/32 MP: 13/19
  1726 | D:2      | Reached skill level 1 in Conjurations
  1726 | D:2      | Reached skill level 1 in Necromancy
  1726 | D:2      | Reached skill level 1 in Translocations
  1726 | D:2      | Reached skill level 1 in Transmutations
  1726 | D:2      | Reached skill level 1 in Fire Magic
  1726 | D:2      | Reached skill level 1 in Ice Magic
  1726 | D:2      | Reached skill level 1 in Air Magic
  1726 | D:2      | Reached skill level 1 in Earth Magic
  1726 | D:2      | Reached skill level 1 in Poison Magic
  1744 | D:2      | Reached XP level 5. HP: 27/37 MP: 16/20
  2576 | D:3      | Learned a level 3 spell: Mephitic Cloud
  2981 | D:3      | Found an opulent altar of Gozag.
  3072 | D:3      | Found a blossoming altar of Fedhas.
  3072 | D:3      | Found a snail-covered altar of Cheibriados.
  3073 | D:3      | Noticed a phantom
  3109 | D:3      | Killed a phantom
  3110 | D:3      | Reached XP level 6. HP: 6/44 MP: 22/22
  4292 | D:4      | Found a runed translucent gate.
  4292 | D:4      | Noticed vvl's ghost (amateur DrTm)
  4293 | D:4      | Found a runed translucent gate.
  4294 | D:4      | Found a runed translucent gate.
  4294 | D:4      | Noticed barney's ghost (amateur DrTm)
  4294 | D:4      | Noticed barney's ghost (novice DrTm)
  4294 | D:4      | Noticed GravelGoth's ghost (amateur DsFi)
  4428 | D:4      | Reached XP level 7. HP: 45/50 MP: 20/23
  4898 | D:4      | Slain by GravelGoth's ghost

Illustrated notes

Levels and vault maps discovered:
D:1:      sevenhm_arrival_forest_fort_large_2, layout_rooms, serial_shops,
          nicolae_shop_temple_entry_statues_fountains,
          shapermc_ecumenical_altar_mp_ritualfount
D:2:      layout_loops_corners, serial_bayou_crossing
D:3:      layout_basic, nicolae_gozag_cash_rules_everything_around_me,
          gammafunk_temple_overflow_pools, chequers_serial_rivers_room_a
D:4:      layout_loops_ring, gammafunk_ghost_cemetery, nicolae_underground_beach

Skill      XL: |  1  2  3  4  5  6 |
---------------+-------------------+-----
Spellcasting   | 13 | 13.1
Hexes          | 2 |  2.9
Summonings     | 2 |  2.9
Invocations    | 1 2 |  2.6
Fighting       | 1 2 |  2.3
Short Blades   | 1 2 |  2.3
Long Blades    | 1 2 |  2.3
Axes           | 1 2 |  2.3
Maces & Flails | 1 2 |  2.3
Polearms       | 1 2 |  2.3
Staves         | 1 2 |  2.3
Slings         | 1 2 |  2.3
Bows           | 1 2 |  2.3
Crossbows      | 1 2 |  2.3
Throwing       | 1 2 |  2.3
Armour         | 1 2 |  2.3
Dodging        | 1 2 |  2.3
Unarmed Combat | 1 2 |  2.3
Evocations     | 1 2 |  2.3
Conjurations   | 1 |  1.9
Necromancy     | 1 |  1.9
Translocations | 1 |  1.9
Transmutations | 1 |  1.9
Fire Magic     | 1 |  1.9
Ice Magic      | 1 |  1.9
Air Magic      | 1 |  1.9
Earth Magic    | 1 |  1.9
Poison Magic   | 1 |  1.9
Shields        | 3 |  3.5
Stealth        | 3 |  3.4

Action                   |  1- 3 |  4- 6 |  7- 9 || total
-------------------------+-------+-------+-------++-------
Melee: Dagger            |    48 |       |       ||    48
       Bite              |     6 |    11 |       ||    17
       Club              |    23 |       |       ||    23
       Short sword       |    45 |   120 |    20 ||   185
       Punch             |       |       |     1 ||     1
Throw: Dart              |       |     2 |       ||     2
 Cast: Stone Arrow       |     3 |    12 |     3 ||    18
       Mephitic Cloud    |       |     1 |       ||     1
Evoke: Wand              |       |     1 |       ||     1
  Use: Scroll            |       |     4 |       ||     4
 Stab: Sleeping          |     6 |     3 |       ||     9
Armor: Robe              |    47 |    45 |    10 ||   102
Dodge: Dodged            |    85 |    74 |    13 ||   172
